 Dungeon Crawl Stone Soup version 0.26-a0-611-g354ed81502 (webtiles) character file.

Game seed: 12399517208587487171

283 MrRokkomies the Digger (level 6, -2/36 HPs)
             Began as an Octopode Earth Elementalist on Sept 5, 2020.
             Engulfed by an orc wizard's steam (8 damage)
             ... on level 4 of the Dungeon.
             The game lasted 00:12:13 (4905 turns).

MrRokkomies the Digger (OpEE)                       Turns: 4905, Time: 00:12:13

Health: -2/36      AC:  1    Str:  7    XL:     6   Next: 28%
Magic:  10/10      EV: 15    Int: 19    God:
Gold:   211        SH:  0    Dex: 13    Spells: 4/11 levels left

rFire    . . .     SeeInvis .   m - -1 hand axe (curse)
rCold    . . .     Faith    .   (no shield)
rNeg     . . .     Spirit   .   (helmet restricted)
rPois    .         Reflect  .   p - amulet of magic regeneration
rElec    .         Harm     .   (no ring)
rCorr    .                      (no ring)
MR       .....                  (no ring)
Stlth    +++++.....             (no ring)
HPRegen  0.12/turn              (no ring)
MPRegen  0.37/turn              (no ring)
                                (no ring)
                                (no ring)

@: no status effects
A: almost no armour, stealthy swim, amphibious, 8 rings, constrict 8, camouflage
1, gelatinous body 1
a: no special abilities


You were on level 4 of the Dungeon.
You visited 1 branch of the dungeon, and saw 4 of its levels.

You collected 211 gold pieces.

Inventory:

Hand Weapons
 a - a +0 spear
 f - a +0 trident
 i - a +2 flail of venom
 m - a cursed -1 hand axe (weapon)
Missiles
 b - 80 stones
 k - 41 poisoned darts (quivered)
Jewellery
 p - an amulet of magic regeneration (around mantle)
Scrolls
 c - a scroll of amnesia
 d - a scroll of blinking
 e - 2 scrolls of fog
 o - a scroll of enchant armour
 q - a scroll of random uselessness {unknown}
Potions
 g - 2 potions of lignification
 h - a potion of stabbing
 j - a potion of haste {unknown}
 l - a potion of mutation {unknown}
 n - a potion of might {unknown}


   Skills:
 * Level 4.0 Dodging
 + Level 4.3 Stealth
 - Level 3.0 Spellcasting
 + Level 1.0 Transmutations
 * Level 4.5 Earth Magic


You had 4 spell levels left.
You knew the following spells:

 Your Spells              Type           Power        Failure   Level
a - Sandblast             Erth           ###...       2%          1
b - Passwall              Tmut/Erth      ##......     8%          2
c - Petrify               Tmut/Erth      ##......     43%         4

Your spell library contained the following spells:

 Spells                   Type           Power        Failure   Level
 Stone Arrow              Conj/Erth      ##....       19%         3
 Lee's Rapid Deconstruct  Erth           ###.......   54%         5


Dungeon Overview and Level Annotations

Branches:
Dungeon (4/15)
 Temple: D:4-7

Altars:
Ashenzari
Fedhas
Wu Jian
The Shining One

Annotations:
D:3 Terence


Innate Abilities, Weirdness & Mutations

You cannot wear most types of armour.
You are very stealthy in the water. (Stealth+)
You are amphibious.
You can wear up to eight rings at the same time.
You can use your tentacles to constrict eight enemies at once.
Your skin changes colour to match your surroundings (Stealth+).
Your rubbery body absorbs attacks. (AC +1, EV +1)


Message History

a +0 hand axe; an orc corpse Really swim into a travel-excluded area? [Y]es or [N]o only, please.
Really swim into a travel-excluded area? [Y]es or [N]o only, please.
Really swim into a travel-excluded area?
Okay, then.
Unknown command.
Unknown command.
You closely miss something. You squeeze something.
You are engulfed in a cloud of scalding steam.
Something hits you but does no damage. Something hits you.
You miss something.
You are engulfed in a cloud of scalding steam.
* * * LOW HITPOINT WARNING * * *
Something hits you.
* * * LOW HITPOINT WARNING * * *
You hit something but do no damage.
You are engulfed in a cloud of scalding steam.
You die...

......≈......#
.....≈≈≈≈.....##
...≈≈≈≈≈≈......#
≈≈≈≈≈≈≈≈≈≈.....#
...≈≈≈≈§§§≈...).#
#...≈≈≈≈≈≈§≈..)..#
#....≈≈§§≈§≈.....#
##.....≈≈§§≈@.....#
#.......≈≈≈≈†{....#
#.......≈≈≈≈......#
#........≈≈.......#
#.........≈.......#
..................#
###.#..###..####.#
####.##.# ##.# .#
#>##..†....# .... #


There were no monsters in sight!

Vanquished Creatures
  2 orc priests
  A bullfrog skeleton (D:4)
  A worker ant (D:4)
  6 gnolls
  2 adders (D:3)
  A worm (D:3)
  A dart slug (D:1)
  5 leopard geckos
  9 orcs
  3 bats (D:2)
  4 giant cockroaches
  5 goblins
  8 hobgoblins
  15 jackals
  5 kobolds
  2 ball pythons
  A frilled lizard (D:1)
  5 rats
76 creatures vanquished.

Vanquished Creatures (others)
  2 orcs (D:4)
2 creatures vanquished.

Grand Total: 78 creatures vanquished

Notes
Turn   | Place    | Note
-------+----------+-------------------------------------------
     0 | D:1      | MrRokkomies the Octopode Earth Elementalist began the quest
                  | for the Orb.
     0 | D:1      | Reached XP level 1. HP: 11/11 MP: 3/3
   328 | D:1      | Reached XP level 2. HP: 13/17 MP: 5/5
   920 | D:1      | Reached XP level 3. HP: 14/21 MP: 6/6
  1624 | D:2      | Learned a level 2 spell: Passwall
  2283 | D:2      | Reached XP level 4. HP: 27/27 MP: 4/7
  2346 | D:2      | Found an ornate altar of the Wu Jian Council.
  3104 | D:3      | Noticed Terence
  3628 | D:3      | Reached XP level 5. HP: 21/31 MP: 0/9
  3945 | D:3      | Learned a level 4 spell: Petrify
  4053 | D:3      | Found a blossoming altar of Fedhas.
  4053 | D:3      | Found a glowing golden altar of the Shining One.
  4055 | D:3      | Found a shattered altar of Ashenzari.
  4548 | D:4      | Reached XP level 6. HP: 25/36 MP: 7/10
  4905 | D:4      | Engulfed by an orc wizard's steam

Illustrated notes

Levels and vault maps discovered:
D:1:      lemuel_arrival_tunnels, layout_basic
D:2:      layout_basic, lemuel_crystal_altar
D:3:      layout_basic, chequers_temple_overflow_statue_of_worship,
          hangedman_abyss_or_decor_stabs, uniq_terence
D:4:      layout_loops_cross, nicolae_overflow_crystal_walls,
          minmay_temple_entry_statues, lemuel_old_faithful

Skill      XL: |  1  2  3  4  5  6 |
---------------+-------------------+-----
Stealth        | 3 4 |  4.3
Dodging        | 3 4 |  4.0
Earth Magic    | 4 |  4.5
Spellcasting   | 3 |  3.0
Transmutations | |  1.0

Action                   |  1- 3 |  4- 6 || total
-------------------------+-------+-------++-------
Melee: Unarmed           |    14 |       ||    14
       Tentacles         |    13 |     9 ||    22
       Spear             |    70 |       ||    70
       Constrict         |    23 |    18 ||    41
       Hand axe          |     9 |    79 ||    88
Throw: Dart              |       |    13 ||    13
 Cast: Sandblast         |    13 |    45 ||    58
  Use: Scroll            |     5 |     1 ||     6
       Potion            |       |     3 ||     3
 Stab: Sleeping          |    10 |     5 ||    15
       Distracted        |       |     1 ||     1
Armor: Skin              |    10 |    35 ||    45
Dodge: Dodged            |    55 |    91 ||   146

Table legend: (Time is in decaauts)
 A = Elapsed time spent in this place.
 B = Non-inter-level travel time spent in this place.
 C = Inter-level travel time spent in this place.
 D = Time resting spent in this place.
 E = Time spent auto-exploring this place.
 F = Levels seen in this place.
 G = Mean time per level.
                   A        B        C        D        E       F      G
               +--------+--------+--------+--------+--------+-----+--------+
         Total |   4941 |   4666 |    275 |   1015 |   2935 |   4 | 1235.2 |
       Dungeon |   4941 |   4666 |    275 |   1015 |   2935 |   4 | 1235.2 |
               +--------+--------+--------+--------+--------+-----+--------+

Top non-repeatable levels by time:
     D:1: 1817 daAuts
     D:3: 1674 daAuts
     D:2: 1066 daAuts
     D:4: 382 daAuts
